[Event "Lliga Catalana DH 2023"]
[Site "Catalonia"]
[Date "2023.01.21"]
[Round "1.9"]
[White "Garcia Marin, Guillem"]
[Black "Fernandez Climent, Albert"]
[Result "0-1"]
[ECO "D11"]
[WhiteElo "2038"]
[BlackElo "1959"]
[Annotator "TA"]
[PlyCount "140"]
[EventDate "2023.01.24"]
[EventType "team-tourn"]
[EventCountry "ESP"]
[SourceTitle "playchess.com"]
[Source "ChessBase"]
[SourceQuality "1"]
[TimeControl "40/5400+30:1800+30"]

1. d4 Nf6 2. Nf3 d5 3. g3 c6 4. Bg2 h6 5. O-O Bf5 6. c4 e6 7. Nc3 Nbd7 8. Qb3 Qb6 9. c5 Qxb3 {[%emt 0:00:05] D11: Slav Defence: 3 Nf3 sidelines and 3...Nf6 4 e3 Bg4.} 10. axb3 a6 11. b4 Rc8 {[%emt 0:00:11] The position is equal.} 12. h3 Be7 13. g4 {[%emt 0:01:55] [#]} Be4 $146 ({Predecessor:} 13... Bh7 14. Bf4 Bd8 15. Nd2 g5 16. Bg3 h5 17. Bf3 Bc7 18. Bxc7 Rxc7 19. b5 hxg4 20. hxg4 {1-0 Mikhailov,V (2428)-Jobava,B (2585) Titled Tuesday intern op 30th Aug Late blitz 2022 (3)}) 14. Bf4 g5 15. Bh2 h5 16. Nxe4 Nxe4 17. Ne5 Nxe5 18. dxe5 hxg4 19. hxg4 Rh4 20. e3 Kd7 {[%emt 0:03:14] ...Rch8 would be deadly.} (20... Rxg4 21. f3 Rxg2+ 22. Kxg2 $16) (20... Nd2 $5 21. Rfd1 $8 Nc4 $11) 21. f3 (21. Bxe4 {simplifies} dxe4 22. Bg3 Rhh8 23. Rad1+) 21... Rch8 {[%emt 0:08:57] Hoping for ...Nxc5.} 22. fxe4 {[%emt 0:01:19] Black must now prevent Bg3.} Rxh2 23. Rxf7 R2h4 24. exd5 exd5 25. e4 ({Better is} 25. Bf3 $15) 25... dxe4 $1 $17 (25... Rxg4 $6 26. exd5 cxd5 27. Rg7 $11) 26. Re1 Rxg4 27. Rxe4 {[%emt 0:00:51] [#]} Rxe4 (27... Rhh4 $1 $17 28. e6+ Ke8 29. Rxg4 Rxg4) 28. Bxe4 {[%emt 0:00:06][%mdl 4096] Endgame KRB-KRB} Ke6 29. Rg7 Rh4 30. Bb1 ({White should try} 30. Bg2 $1 $15) 30... Rxb4 31. Ba2+ Kd7 $1 (31... Kxe5 32. Rxe7+ Kd4 33. Re2 $11) 32. e6+ {[%emt 0:03:54] [#]} (32. Bb1 $15) 32... Ke8 $1 $19 (32... Kd8 33. Rg8+ Kc7 34. Rg7 Rg4+ 35. Kh2 $11) 33. Rg8+ Bf8 34. b3 Rb5 35. Rxg5 Rxc5 (35... Bxc5+ 36. Kg2) (35... Ra5 $19 36. Rg2 Rxc5) 36. Rxc5 $17 Bxc5+ $19 {[%emt 0:00:05] KB-KB} 37. Kf1 Bb4 38. Ke2 Ke7 39. Kd3 Kxe6 40. Kc4 a5 41. Bb1 Ke5 42. Bg6 b5+ 43. Kd3 Kd5 44. Be8 Bf8 45. Bd7 Bg7 46. Be8 Kc5 47. Bd7 Kb6 48. Be8 c5 49. Bd7 {[%emt 0:00:15] [#]} a4 $1 {[%emt 0:00:33][%mdl 64] Deflection} 50. bxa4 c4+ 51. Kd2 $2 (51. Ke2 $17) 51... b4 52. Be6 Kc5 53. a5 Bc3+ $2 (53... b3 $19 {( -> ...c3+)} 54. Kd1 Bd4) 54. Kc1 $17 Kb5 55. Kb1 $2 (55. a6 $17 Bd4 56. Kd2) 55... b3 {[%emt 0:00:28] Black mates.} ({Not} 55... Kxa5 56. Bxc4 Bh8 57. Bg8 $11) 56. a6 Bd4 ({And not} 56... Kxa6 57. Bxc4+ Kb7 58. Bxb3 $11) 57. Bf7 Kb4 ({Stronger than} 57... Kxa6 58. Bxc4+ Kb7 59. Bxb3 $11) 58. Be6 c3 59. Bf5 Be3 60. Bd3 Ka5 61. Bf5 Kxa6 62. Bg6 Kb6 63. Bf5 Kc5 64. Bg6 Kd4 65. Bf5 Ke5 66. Bg6 Kf4 67. Bd3 Kg3 68. Be4 Kf2 69. Bf5 Ke1 70. Be4 Kd2 {[%emt 0:00:29] Weighted Error Value: White=0.32/Black=0.21 (precise)} 0-1

[Event "Lliga Catalana DH 2023"]
[Site "Catalonia"]
[Date "2023.01.21"]
[Round "1.10"]
[White "Martinez Talavera, Jordi"]
[Black "Lasanta Rica, Cesar"]
[Result "1-0"]
[ECO "D02"]
[WhiteElo "1950"]
[BlackElo "2147"]
[Annotator "TA"]
[PlyCount "61"]
[EventDate "2023.01.24"]
[EventType "team-tourn"]
[EventCountry "ESP"]
[SourceTitle "playchess.com"]
[Source "ChessBase"]
[SourceQuality "1"]
[TimeControl "40/5400+30:1800+30"]

1. d4 d5 2. Bf4 Nf6 3. e3 e6 4. Nf3 c5 5. c3 Nc6 6. Nbd2 cxd4 {is currently scoring better than 6...Bd6.} 7. exd4 {D02: 1 d4 d5 2 Nf3 sidelines, including 2...Nf6 3 g3 and 2...Nf6 3 Bf4.} Nh5 8. Be3 Bd6 {[#] Dodges Ne5} 9. Ne5 $1 {The position is equal.} g6 10. Bb5 Qc7 11. Qa4 Bd7 (11... O-O $15) 12. Nxd7 $11 Qxd7 {[#]} 13. c4 $146 ({Predecessor:} 13. Nf3 f6 14. O-O O-O 15. Rad1 a6 16. Bd3 Rad8 17. c4 Nxd4 18. Qxd7 Nxf3+ 19. gxf3 Rxd7 20. cxd5 exd5 {0-1 Batchuluun,A (2067)-Lim,Z (2217) Belt and Road Hunan op-B 2019 (9)}) 13... Rc8 14. c5 Bb8 15. g3 f6 16. f4 O-O 17. Be2 Ng7 18. O-O Nf5 19. Bf2 e5 (19... Rcd8 $15) 20. g4 $2 (20. dxe5 $11 {and White has nothing to worry.} fxe5 21. fxe5) 20... Nfxd4 $19 21. Bxd4 exd4 22. Nb3 Rce8 23. Rae1 Re4 24. Bd1 Rfe8 ({Weaker is} 24... Bxf4 25. Rxe4 Bxh2+ 26. Kxh2 $17) 25. Rxe4 Rxe4 26. Nd2 Rxf4 27. Rxf4 Bxf4 28. Nf1 Qe7 29. Bf3 Qxc5 {...d3+ would be deadly.} 30. Kg2 {[#]} d3 $4 31. Qxf4 {Weighted Error Value: White=0.43/Black=0.45} 1-0

[Event "Lliga Catalana DH 2023"]
[Site "Catalonia"]
[Date "2023.01.21"]
[Round "1.10"]
[White "Pinyol i Llora, Julia"]
[Black "Lambert Pont, James"]
[Result "1-0"]
[ECO "E01"]
[WhiteElo "1795"]
[BlackElo "1750"]
[Annotator "NA RC COMBH"]
[PlyCount "128"]
[EventDate "2023.01.24"]
[EventType "team-tourn"]
[EventCountry "ESP"]
[SourceTitle "playchess.com"]
[Source "ChessBase"]
[SourceQuality "1"]
[TimeControl "40/5400+30:1800+30"]

1. d4 d5 2. c4 e6 3. Nf3 Nf6 4. g3 c6 5. Bg2 Bd6 6. O-O O-O 7. Qc2 h6 8. Nbd2 Re8 9. e4 dxe4 10. Nxe4 Nxe4 11. Qxe4 Nd7 12. Bf4 Nf6 13. Qe3 Bxf4 14. Qxf4 Qb6 15. b3 c5 16. dxc5 Qxc5 17. Ne5 Re7 18. Rad1 Qb6 19. Qd4 Nd7 20. Nxd7 Rxd7 21. Qxb6 axb6 22. a4 Rxd1 23. Rxd1 Kf8 24. Rd6 Ke7 25. Rxb6 Kd8 26. c5 Kc7 27. f4 Ra5 28. Rb5 Rxb5 29. axb5 b6 30. b4 Bd7 31. Bf1 Be8 32. Kf2 Bd7 33. Ke3 Bc8 34. Kd4 Bb7 35. Ke5 Bd5 36. cxb6+ Kxb6 37. Kd6 g5 38. f5 g4 39. Ke5 Bb3 40. Bd3 exf5 41. Kxf5 Be6+ 42. Kf6 Kc7 43. Kg7 h5 44. Kh6 Bd5 45. Kxh5 Bf3 46. Kg5 Kb6 47. Bc4 Bd1 48. Kf6 Bf3 49. Kxf7 Kc7 50. Kf6 Kd6 51. Bf7 Be2 52. Be8 Kc7 53. Kg5 Kb6 54. Bd7 Kc7 55. Bxg4 Bxb5 56. h4 Kd8 57. Kf6 Ke8 58. Kg7 Ke7 59. h5 Kd6 60. Bf5 Ke5 61. Bb1 Kd4 62. h6 Kc4 63. h7 Kb3 64. h8=Q Ka3 1-0

[Event "Lliga Catalana DH 2023"]
[Site "Catalonia"]
[Date "2023.01.24"]
[Round "2.1"]
[White "Solodovnichenko, Yuri"]
[Black "Aroshidze, Levan"]
[Result "1/2-1/2"]
[ECO "B42"]
[WhiteElo "2514"]
[BlackElo "2535"]
[Annotator "TA"]
[PlyCount "76"]
[EventDate "2023.01.24"]
[EventType "team-tourn"]
[EventCountry "ESP"]
[SourceTitle "playchess.com"]
[Source "ChessBase"]
[SourceQuality "1"]
[TimeControl "40/5400+30:1800+30"]

1. e4 c5 2. Nf3 e6 3. d4 cxd4 4. Nxd4 a6 5. Bd3 Nf6 6. O-O Qc7 7. Qe2 d6 8. c4 Be7 9. Nc3 O-O 10. f4 Nbd7 11. Be3 $1 {[%emt 0:09:07][%mdl 4] outshines the older 11.Kh1.} Nc5 {[%emt 0:04:20] B42: Sicilian: Kan Variation: 5 Bd3.} 12. Bc2 {[%emt 0:00:32] aiming for g4.} e5 13. Nf5 Bxf5 14. exf5 exf4 {[%emt 0:00:50] [#]} 15. Bd4 $146 ({Predecessor:} 15. Rxf4 Rfe8 16. Qf2 Ncd7 17. Bd4 d5 18. Nxd5 Nxd5 19. cxd5 Nf6 20. Bb3 Bd6 21. Rh4 Re4 22. Bb6 Qc8 23. Rxe4 Nxe4 24. Qd4 Qxf5 25. Bc2 Re8 26. Re1 {½-½ Sorokin,M (2147)-Gierden,H (2287) EU-ch 2016 pr22 email}) 15... Rfe8 16. Qf3 Ncd7 17. Qxf4 Qxc4 18. Bb3 {[%emt 0:01:24] A strong pair of Bishops.} Qb4 19. Rad1 {[%emt 0:03:11] Strongly threatening g4.} Ne5 20. Qg3 Bd8 (20... Rac8 $5) 21. Kh1 Bb6 22. Nd5 Nxd5 23. Bxe5 Rxe5 (23... dxe5 24. Rxd5 Rad8 25. Rxe5 $14) 24. Bxd5 Be3 (24... Qxb2 $2 25. f6 g5 26. Bxf7+ Kxf7 27. Qh3 $18 (27. Rxd6 Qe2 $11)) 25. f6 {[%emt 0:17:50][%csl Gf6][%cal Rg3g7] [#]} (25. a3 Qb5 $15) 25... g6 (25... Qxb2 $2 26. Qxg7#) 26. Qh3 $132 {[%emt 0:11:18][%cal Od5f7][%mdl 2048] White wants to mate with Bxf7+! White is not keeping still} Rf8 (26... Qxb2 27. Bxf7+ Kh8 28. Bxg6 (28. Rxd6 Qe2 $18) 28... h6 29. Qd7) 27. Qd7 Qb5 28. Qxd6 Ree8 29. Qc7 Qxb2 30. Bb3 Bd4 (30... Bg5 $11) 31. Qd7 $14 Rd8 $1 (31... Re4 $2 32. Bd5 (32. Qxb7 Ree8 $16) 32... Rh4 33. Bxf7+ Rxf7 34. Qd8+ Rf8 35. f7+ Kg7 36. Qxh4 $18) 32. Qe7 {[%emt 0:00:41][%cal Ob3f7] White threatens Bxf7+! and mate. Dancing on a razor blade.} Kh8 $2 {[%emt 0:00:41] [#]} ({Black should try} 32... Rc8 $14) 33. Rb1 $2 ({White must play} 33. Rf4 $1 $18 {[%cal Rf4d4] Hoping for Rfxd4!} Bxf6 34. Rxf6 Rxd1+ 35. Bxd1) 33... Qd2 $11 34. Bxf7 {[%emt 0:00:16][%cal Of7e8] And now Be8! would win.} Bc5 {[%emt 0:00:51][%mdl 64] Deflection} 35. Qxb7 {[%emt 0:02:18][%cal Of7d5] Bd5! is the strong threat.} Rd7 {[%emt 0:00:11] Prevents Bd5} 36. Qc6 {[%emt 0:00:07] Black must now prevent Be6.} (36. Qxa6 $2 {perishes.} Rdxf7 37. Qc4 Qd4 38. Qxd4 Bxd4 $19) 36... Qd6 {[%emt 0:00:44] Repels Be6} 37. Qxd6 Rxd6 38. Bc4 Rdxf6 {[%emt 0:00:09] An interesting game.   Weighted Error Value: White=0.13 (very precise) /Black=0.18 (very precise)} 1/2-1/2

[Event "Lliga Catalana DH 2023"]
[Site "Catalonia"]
[Date "2023.01.28"]
[Round "2.1"]
[White "Jerez Perez, Alfonso"]
[Black "Alsina Leal, Daniel"]
[Result "1-0"]
[ECO "B22"]
[WhiteElo "2338"]
[BlackElo "2520"]
[Annotator "TA"]
[PlyCount "76"]
[EventDate "2023.01.24"]
[EventType "team-tourn"]
[EventCountry "ESP"]
[SourceTitle "playchess.com"]
[Source "ChessBase"]
[SourceQuality "1"]
[TimeControl "40/5400+30:1800+30"]

1. e4 c5 2. c3 e5 3. Nf3 Nc6 4. Bc4 Nf6 5. d3 Be7 6. O-O {B22: Sicilian: 2 c3.} O-O 7. Re1 d6 8. Nbd2 {White has an edge.} Na5 9. Nf1 Nxc4 10. dxc4 Be6 11. b3 {[%cal Bb2b3,Bb3c4,Bc4d5][%mdl 32] [#]} a6 $146 ({Predecessor:} 11... h6 12. Qc2 Qc7 13. Ne3 Rfd8 14. Nh4 Ng4 15. Nhf5 Nxe3 16. Nxe3 Bf8 17. Nd5 Qd7 {1-0 Pridal,O (2171)-Sanak,F (2014) CZE-chT2e 0607 2006 (8.3)}) 12. a4 b5 13. Qd3 bxc4 14. bxc4 Rb8 15. Ne3 Nd7 16. Nd5 Bxd5 ({Black should play} 16... Nb6) 17. cxd5 $11 c4 18. Qxc4 Qa5 19. Qe2 Rfc8 20. Be3 Nf6 21. Bd2 Rb2 22. c4 Qc5 23. Rec1 Bd8 24. Qe1 Bb6 {And now ...Ng4 would win.} 25. a5 Ba7 {aiming for ...Ng4.} 26. Be3 Qc7 {[#]} 27. c5 $1 $36 {[%mdl 2048] White is in control.} Bxc5 28. Bxc5 dxc5 29. Nd2 {[%cal Bf3d2,Bd2c4,Bc4b6][%mdl 32] Inhibits c4.} Ne8 30. Nc4 {Dodges Nd6} Rb5 31. Qc3 f6 $2 {Loses the game.} (31... Nf6 $16) 32. Qh3 $18 Ra8 33. Qe6+ Qf7 {[#]} 34. Qc6 Ra7 {[#]} 35. Nb6 {Against Qd7} Rc7 (35... Qf8 $142 36. Nc8 Rc7 37. Qe6+ Kh8) 36. Qa8 {Hoping for d6.} Ra7 37. Qc8 (37. Qb8 $142) 37... Rc7 $2 (37... Qf8 {might work better.} 38. Qe6+ Kh8) 38. Qxa6 Rb3 {Weighted Error Value: White=0.10 (very precise) /Black=0.26 (precise)} 1-0

[Event "Lliga Catalana DH 2023"]
[Site "Catalonia"]
[Date "2023.01.28"]
[Round "2.2"]
[White "Cuartas Medina, Jaime Alexander"]
[Black "Torrecillas Martinez, Antonio"]
[Result "1-0"]
[ECO "A48"]
[WhiteElo "2507"]
[BlackElo "2318"]
[Annotator "TA"]
[PlyCount "67"]
[EventDate "2023.01.24"]
[EventType "team-tourn"]
[EventCountry "ESP"]
[SourceTitle "playchess.com"]
[Source "ChessBase"]
[SourceQuality "1"]
[TimeControl "40/5400+30:1800+30"]

1. d4 Nf6 2. Bf4 g6 3. Nf3 Bg7 4. e3 d6 5. h3 O-O 6. Be2 c5 {6...Nfd7 is setting a new trend.} 7. Nc3 {A48: 1 d4 Nf6 2 Nf3 g6: Torre, London and Colle Systems.} b6 8. d5 Na6 9. O-O {The position is equal.} Nc7 10. a4 a6 11. e4 Bb7 {[%cal Ob6b5] [#]} 12. Nd2 $146 {[#]} ({Predecessor:} 12. Qd3 Qd7 13. Nd2 Nh5 14. Bxh5 gxh5 15. Nc4 Qe8 16. Nxb6 Rb8 17. a5 Nb5 18. Nxb5 axb5 {1-0 Bourgault,J (1850)-Eacker,B W-ch WS/O/1137 email 2019}) 12... b5 13. axb5 $16 axb5 14. Rxa8 ({Weaker is} 14. Bxb5 Nh5 15. Bg5 (15. Rxa8 $2 Bxa8 16. Bg5 Bxc3 $17 {[%mdl 64] Remove Defender}) 15... Bxc3 16. Rxa8 Bxa8 $17) 14... Bxa8 15. Nxb5 Nxb5 16. Bxb5 Nh5 {Black is weak on the light squares} 17. Be3 Bxb2 18. Be2 Ng7 19. Nc4 Bf6 20. Qd2 Qb8 21. f4 Rd8 22. Qa5 e6 {[#]} 23. e5 $1 Be7 24. exd6 {White is much more active.} (24. Nxd6 {is more complex.} Bxd6 25. exd6 Rxd6 26. Bxc5 Rxd5 27. Bf3) 24... Bxd6 25. Nxd6 ({Don't play} 25. Bxc5 Bxc5+ 26. Qxc5 Bxd5 $15) 25... Rxd6 26. Bxc5 Rxd5 27. Ra1 ({Better is} 27. Bf3 $14 Rd8 28. Ba7) 27... Qc8 $11 28. Rd1 Rxd1+ (28... Rxc5 $5 29. Rd8+ $8 Ne8 30. Qxa8 Qxa8 31. Rxa8 Kf8 $11) 29. Bxd1 {This pair of bishops is nice.} h5 30. Bd4 {Qe5 is the strong threat.} Qb7 $2 {[%mdl 8192] Black cannot hold the game after this.} (30... Bd5 $11) 31. Bf3 Qb1+ 32. Kh2 {Threatening mate with Qd8+.} Bxf3 33. Qd8+ Kh7 34. Qf6 {Weighted Error Value: White=0.11 (very precise) /Black=0.35} (34. gxf3 $2 {is the wrong capture.} Qxc2+ 35. Kh1 Qd1+ 36. Kg2 e5 $19) 1-0

[Event "Lliga Catalana DH 2023"]
[Site "Catalonia"]
[Date "2023.01.24"]
[Round "2.2"]
[White "Prie, Eric"]
[Black "Campos Moreno, Javier B."]
[Result "0-1"]
[ECO "D00"]
[WhiteElo "2372"]
[BlackElo "2421"]
[Annotator "TA"]
[PlyCount "48"]
[EventDate "2023.01.24"]
[EventType "team-tourn"]
[EventCountry "ESP"]
[SourceTitle "playchess.com"]
[Source "ChessBase"]
[SourceQuality "1"]
[TimeControl "40/5400+30:1800+30"]

1. d4 d5 2. Bf4 c5 3. e3 Nc6 4. c3 Nf6 5. Nd2 Bf5 6. Ngf3 e6 $1 {[%emt 0:00:32] The main line 6...e6 scores better than 6...Qb6.} 7. Be2 {[%emt 0:00:15] D00: 1 d4 d5: Unusual lines.} h6 8. O-O Qb6 9. Qa4 {[%emt 0:07:17] [#] The position is equal.} Be7 $146 (9... Qxb2 10. Rab1 Bxb1 11. Rxb1 Qxc3 12. Rxb7 cxd4 13. Rc7 $18) (9... Rc8 {simplifies} 10. Ne5 Be7 11. dxc5 Bxc5 12. Nxc6 bxc6 13. Nb3 Ne4) ({Predecessor:} 9... Rc8 10. dxc5 Bxc5 11. Nb3 O-O 12. Nxc5 Qxc5 13. Nd4 Bg4 14. Bxg4 Nxg4 15. Nxc6 Qxc6 {1-0 Alekseenko,K (2609)-Yuffa,D (2521) Moscow Aeroflot op-A 17th 2018 (4)}) 10. dxc5 Qxb2 {[%emt 0:09:15] [#]} 11. Rab1 $1 {[%emt 0:00:56][%mdl 64] Skewer} Bxb1 12. Rxb1 Qxc3 {[%emt 0:01:42] And now ...0-0 would win.} 13. Rxb7 Rc8 {[%emt 0:01:58] aiming for ...0-0.} (13... Qxc5 $2 14. Nb3 Qc2 15. Nfd4 Qb1+ 16. Bf1 $18) 14. Nd4 O-O (14... Qxc5 $2 15. Nxc6 Qc1+ 16. Nf1 Rxc6 17. Rb8+ (17. Qxa7 O-O $11) 17... Bd8 18. Rc8 $18 (18. Qxa7 O-O $19)) 15. Nxc6 Rxc6 (15... Bxc5 {with more complications.} 16. Nf1 Ne4 17. Bg3 Ba3) 16. Qxc6 (16. Nf1 $1 $11 {was the only way to keep the balance.} Rxc5 17. Rxe7) 16... Qxd2 $17 17. Rxe7 $2 {[%emt 0:02:14][%mdl 8192] This costs White the game.} (17. Qb5 $17 Bxc5 18. Qb2 Qe1+ 19. Bf1) 17... Qxe2 $19 18. h3 Ne4 ({Weaker is} 18... Qxa2 19. Bg3 $11) 19. f3 Nd2 20. Re8 Qe1+ 21. Kh2 Nf1+ 22. Kg1 Ng3+ 23. Kh2 {[%emt 0:00:57] [#]} Ne2 $1 24. Rxf8+ Kh7 {[%emt 0:00:12] An entertaining game by Campos Moreno.   Weighted Error Value: White=0.91/Black=0.03 (flawless)} 0-1

[Event "Lliga Catalana DH 2023"]
[Site "Catalonia"]
[Date "2023.01.24"]
[Round "2.3"]
[White "Lazaro Pujol, Abel"]
[Black "Vidal Zamora, Alex"]
[Result "0-1"]
[ECO "C11"]
[WhiteElo "2348"]
[BlackElo "2399"]
[Annotator "TA"]
[PlyCount "142"]
[EventDate "2023.01.24"]
[EventType "team-tourn"]
[EventCountry "ESP"]
[SourceTitle "playchess.com"]
[Source "ChessBase"]
[SourceQuality "1"]
[TimeControl "40/5400+30:1800+30"]

1. e4 e6 2. d4 d5 3. Nc3 Nf6 4. e5 Nfd7 5. Nce2 c5 6. c3 Nc6 7. Nf3 b5 8. a3 {[%emt 0:23:07] C11: French: Classical System: 4 e5 and 4 Bg5 dxe4.} cxd4 9. cxd4 b4 10. axb4 {[%emt 0:08:40] [#] The position is equal.} Bxb4+ $146 ({Predecessor:} 10... Nxb4 11. Nc3 a5 12. Be2 Ba6 13. O-O Be7 14. Na2 Nc6 15. Bd2 Qb6 16. Bc3 O-O {1-0 Diaz Diaz,H (1786)-Lopez Grana,C (1641) ESP-chT U16 Aviles 2008 (4.3)}) 11. Nc3 Qb6 12. Be3 Ba5 13. Rb1 Rb8 {[%emt 0:02:19] [#] Hoping for ...Bxc3+.} 14. Bd3 Nb4 15. Be2 Na2 (15... Ba6 $11 {remains equal.}) 16. Nd2 $16 Nxc3 17. bxc3 Qc7 18. Rc1 O-O 19. O-O Bb7 20. Bd3 g6 (20... Rfc8 $142) 21. Qg4 (21. c4 $142) 21... Qc6 ({Black should try} 21... Bc6) 22. h4 (22. Nf3 $142) 22... Ba6 23. Qe2 (23. Bxa6 $16 Qxa6 24. Ra1) 23... Bxd3 $11 24. Qxd3 Qb5 25. Qxb5 Rxb5 26. Rb1 Rfb8 27. Rxb5 Rxb5 28. Ra1 Nb6 29. Kf1 Kg7 30. Ra3 h6 31. Ke2 Nc8 32. Kd3 Bd8 33. g3 Bb6 34. c4 dxc4+ 35. Kxc4 Rd5 36. Ne4 Ne7 37. Nd6 Nf5 38. Rd3 $2 (38. Nxf5+ $11 gxf5 39. h5) 38... Nxd6+ $17 {[%emt 0:00:25] White is on the road to losing.} 39. exd6 Rxd6 {[%emt 0:00:04][%mdl 4096] Endgame KRB-KRB} 40. Rd1 Rd5 41. Ra1 h5 42. Ra4 Kf8 43. Kc3 Ke8 44. Rc4 Kd7 45. Bf4 Rb5 46. Kc2 Ra5 {[%emt 0:00:34] ...Ra2+ would be deadly.} 47. Kb2 (47. Be3 $142) 47... Bd8 48. Be5 Ra6 49. Bf4 Rb6+ 50. Ka2 Rb5 51. Be5 Bb6 52. Bf4 (52. Ka3 $142) 52... Rd5 $19 53. Be3 e5 {[%emt 0:00:38] Black is clearly winning.} 54. dxe5 (54. Rc1 $142 exd4 55. Bf4) 54... Bxe3 ({And not} 54... Rxe5 55. Bxb6 Re2+ 56. Ka3 axb6 57. Rf4 $17) 55. fxe3 Rxe5 {[%emt 0:01:43] KR-KR} 56. e4 Rb5 57. Rc3 Kd6 58. Rf3 Ke6 59. Ka3 Rb1 60. Ka2 Rb4 61. Ka3 a5 62. Rf4 Rd4 63. Kb2 Rd7 64. Kc3 Rb7 65. Rf1 a4 {[%emt 0:00:16] [#] White must now prevent ...a3.} 66. Kd4 a3 67. Rc1 Rb4+ (67... Rd7+ $142 68. Ke3 a2) 68. Ke3 Ra4 69. Ra1 Ke5 (69... a2 $142 70. Kd2 Ke5) 70. Kf3 a2 ({Stronger than} 70... Rxe4 71. Rxa3 Rd4 72. Ke3 $17) 71. g4 Ra3+ {[%emt 0:00:07][%mdl 64] Deflection.   Weighted Error Value: White=0.57/Black=0.26 (precise)} ({Worse is} 71... Rxe4 72. gxh5 gxh5 73. Rxa2 Rxh4 74. Re2+ Kf5 75. Re7 $17) 0-1

[Event "Lliga Catalana DH 2023"]
[Site "Catalonia"]
[Date "2023.01.28"]
[Round "2.3"]
[White "Mestre Bellido, Hector"]
[Black "Asis Gargatagli, Hipolito"]
[Result "0-1"]
[ECO "A15"]
[WhiteElo "2295"]
[BlackElo "2501"]
[Annotator "TA"]
[PlyCount "78"]
[EventDate "2023.01.24"]
[EventType "team-tourn"]
[EventCountry "ESP"]
[SourceTitle "playchess.com"]
[Source "ChessBase"]
[SourceQuality "1"]
[TimeControl "40/5400+30:1800+30"]

1. Nf3 Nf6 2. g3 g6 3. b3 Bg7 4. Bb2 d6 5. Bg2 e5 6. c4 O-O 7. O-O c6 8. d3 Re8 9. Nbd2 {A15: English Opening: 1...Nf6.} Nbd7 10. Rc1 a5 {[#]} 11. Ng5 $146 {The position is equal.} ({Predecessor:} 11. a3 Qb6 12. Nb1 Nc5 13. Nfd2 Ne6 14. Nc3 Bd7 15. Nce4 Nxe4 16. Nxe4 Qc7 17. e3 {0-1 Dew,B (2002)-Sumaneev,D (2450) Titled Tuesday intern op 22nd Feb Early blitz 2022 (11)}) 11... Nh5 12. Nge4 Bf8 13. Ba3 Nc5 14. Nxc5 dxc5 15. Ne4 b6 16. Nc3 Re6 17. Qd2 Ra7 18. Rcd1 Rd7 19. f4 (19. Bb2 $11) 19... Bh6 (19... exf4 $17 {Strongly threatening ...Bg7.} 20. g4 Nf6 21. Qxf4 h5 22. gxh5 Nxh5) 20. e3 $15 exf4 21. gxf4 Red6 (21... Bg7 $5 22. Ne2 Qh4 $15) 22. Qe2 $1 Re6 {[%cal Oh5f4] [#] ...Nxf4! is the strong threat.} 23. Qd2 Red6 ({Black should try} 23... Bg7 $15 24. Rf3 Red6) 24. Qc2 (24. Qe2 $1 $11) 24... Rxd3 $17 25. Rxd3 {Now White is beyond hope.} (25. Bc1 $17) 25... Rxd3 $19 26. Nd5 Bf5 27. e4 Rd4 28. exf5 cxd5 29. fxg6 hxg6 ({Much less strong is} 29... Bxf4 30. gxf7+ (30. Bxd5 Qg5+ 31. Qg2 Bxh2+ {[%mdl 64] Decoy} 32. Kxh2 Rh4+ 33. Kg1 Rg4 $17) (30. gxh7+ Kh8 $11) 30... Kf8 31. Qe2 $18 (31. cxd5 $2 Be3+ 32. Kh1 Rh4 $19) (31. Qxh7 Qg5 $16) (31. Bxd5 $2 Rd2 $19)) 30. Bb2 Rxf4 31. cxd5 Rxf1+ 32. Kxf1 Bg7 33. Bxg7 Nxg7 {[%mdl 4096] Endgame KQB-KQN} 34. Bf3 Qf6 35. Qd3 Nf5 36. Ke1 $2 (36. Kg1) 36... Qe5+ {Black is clearly winning.} 37. Be2 Nd4 (37... Qxh2 $2 {perishes.} 38. Qe4 $19) 38. Kd1 (38. h4 $142) 38... Qxd5 39. h3 {[#]} Nxe2 $1 {Weighted Error Value: White=0.58/Black=0.27 (precise)} 0-1

[Event "Lliga Catalana DH 2023"]
[Site "Catalonia"]
[Date "2023.01.28"]
[Round "2.4"]
[White "Delorme, Axel"]
[Black "Beltran Rueda, Santiago"]
[Result "0-1"]
[ECO "C42"]
[WhiteElo "2470"]
[BlackElo "2286"]
[Annotator "TA"]
[PlyCount "79"]
[EventDate "2023.01.24"]
[EventType "team-tourn"]
[EventCountry "ESP"]
[SourceTitle "playchess.com"]
[Source "ChessBase"]
[SourceQuality "1"]
[TimeControl "40/5400+30:1800+30"]

1. e4 e5 2. Nf3 Nf6 3. Nxe5 d6 4. Nf3 Nxe4 5. Bd3 Nf6 6. O-O {C42: Petroff Defence: 3 Nxe5 and unusual White 3rd moves.} Be7 7. c3 {7.Re1 is more advanced technology.} O-O 8. Bc2 {The position is equal.} Re8 9. d4 Nbd7 10. Re1 Bf8 11. Rxe8 {[#]} Nxe8 $146 ({Predecessor:} 11... Qxe8 12. c4 d5 13. c5 c6 14. Nc3 b6 15. cxb6 axb6 16. Bf4 Bb4 17. h3 Nf8 {1-0 Bortnyk,O (2604)-Obregon,C (2525) Speed Chess GP2 blitz 2021 (2)}) 12. c4 g6 13. Nc3 Bg7 14. Bg5 Nef6 15. h3 h6 16. Be3 Nb6 17. b3 c6 18. Qd2 Kh7 19. a4 a5 20. Re1 Be6 21. Ne2 d5 22. Nf4 Bd7 23. Bd3 (23. Ne5 $142 Be8 24. c5) 23... Nc8 24. Ne5 Be8 25. f3 Ne7 26. Bf2 Kg8 27. c5 Nd7 28. Bc2 Nf8 29. b4 (29. g4 $16) 29... f6 30. Ned3 {aiming for Qe2.} Bf7 31. g4 g5 32. Ng2 Bg6 (32... axb4 $142 33. f4 (33. Nxb4 Bg6 $14) (33. Qxb4 Qc7 $16) 33... b3 34. Bxb3 Qc7) 33. bxa5 (33. Qe2 $142 Nc8 34. b5) 33... Qd7 (33... f5 $16) 34. f4 $36 {[%mdl 2048] Keeping Black busy.} Be4 35. f5 Qc7 (35... Nxf5 {is a better defense.} 36. gxf5 Bxf5) 36. Rb1 Nd7 37. Qb4 Ra7 38. Qe1 Bf8 39. Ne3 Nc8 40. Nf1 {[%mdl 32768] Weighted Error Value: White=0.13 (very precise) /Black=0.28 (precise) . Loss on time!?} ({Don't do} 40. Bg3 Qxa5 41. Qxa5 Rxa5 42. Rxb7 Ra7 $18) 0-1